 Dungeon Crawl Stone Soup version 0.21.1-1-g345015fe64 (webtiles) character file.

101 Freyura the Chopper (level 4, -1/43 HPs)
             Began as a Hill Orc Monk on May 13, 2018.
             Was a Believer of Makhleb.
             Slain by Menkaure (13 damage)
             ... on level 6 of the Dungeon.
             The game lasted 00:07:15 (1870 turns).

Freyura the Chopper (Hill Orc Monk)                 Turns: 1870, Time: 00:07:16

Health: -1/43      AC: 10    Str: 13      XL:     4   Next: 75%
Magic:  4/4        EV:  8    Int: 10      God:    Makhleb [**....]
Gold:   214        SH:  3    Dex: 13 (14) Spells: 3/3 levels left

rFire    + + +     SeeInvis .   a - +0 hand axe
rCold    x . .     Gourm    .   o - +0 buckler
rNeg     . . .     Faith    .   e - +0 fire dragon scales
rPois    .         Spirit   .   (no helmet)
rElec    .         Reflect  .   (no cloak)
rCorr    .         Harm     .   (no gloves)
MR       .....                  (no boots)
Stlth    ..........             (no amulet)
HPRegen  0.14/turn              p - ring of protection from fire
MPRegen  0.09/turn              (no ring)

@: no status effects
A: fangs 1, rugged brown scales 2, deterioration 1, screaming 1
a: Minor Destruction, Renounce Religion


You were on level 6 of the Dungeon.
You worshipped Makhleb.
Makhleb was pleased with you.
You were not hungry.

You visited 2 branches of the dungeon, and saw 5 of its levels.

You collected 214 gold pieces.

Inventory:

Hand Weapons
 a - a +0 hand axe (weapon)
Armour
 b - a +0 robe
 e - +0 fire dragon scales (worn)
 o - a +0 buckler (worn)
Jewellery
 p - a ring of protection from fire (left hand)
Scrolls
 d - 2 scrolls of remove curse {unknown}
 f - a scroll of identify
 g - a scroll of blinking {unknown}
 h - a scroll of enchant weapon {unknown}
 i - a scroll of enchant armour {unknown}
 j - a scroll of magic mapping {unknown}
 k - 2 scrolls of immolation {unknown}
 m - a scroll of teleportation {unknown}
Potions
 l - a potion of heal wounds
 n - 2 potions of curing
Comestibles
 c - 2 rations


   Skills:
 + Level 4.3 Fighting
 * Level 5.4 Axes
 + Level 1.7 Armour
 + Level 2.9 Dodging
 - Level 1.5 Stealth


You had 3 spell levels left.
You didn't know any spells.

Dungeon Overview and Level Annotations

Branches:
Dungeon (6/15)             Temple (1/1) D:6

Altars:
Cheibriados
Dithmenos
Elyvilon
Fedhas
Gozag
Hepliaklqana
Makhleb
Nemelex Xobeh
Okawaru
Sif Muna
Uskayaw
Wu Jian
Xom
Yredelemnul
Zin
The Shining One

Annotations:
D:6 Menkaure


Innate Abilities, Weirdness & Mutations

You have very sharp teeth.
You are mostly covered in rugged brown scales. (AC +2, +5% HP)
Your body sometimes deteriorates upon taking damage.
You occasionally shout uncontrollably at your foes.


Message History

Menkaure barely misses you.
You hit Menkaure but do no damage.
Menkaure is moderately damaged.
You block Menkaure's attack.
Your fire dragon scales prevents you from hitting Menkaure.
Menkaure is moderately damaged.
Menkaure calls on the powers of darkness!
Your body is wracked with pain!
You block Menkaure's attack.
You hit Menkaure.
Menkaure is heavily damaged.
Menkaure barely misses you.
You hit Menkaure.
Menkaure is heavily damaged.
Menkaure points at you and mumbles some strange words.
Pain shoots through your body!
* * * LOW HITPOINT WARNING * * *
Your fire dragon scales prevents you from hitting Menkaure.
Menkaure is heavily damaged.
Menkaure hits you!
You die...

#.###.#.......#.#
#.........##.#.#
#.###.####......#
#.####.#..###
#.......#.##
##.###.###.#
######.8.##.#.##
......M...##.####
.....8.@.8......#
...........#.##.#
.....#.8.#.#.# #
.......###.#..
......% #.##.#
....... #.# .#
####### #.. ..
### .#


You could see Menkaure.

Vanquished Creatures
  3 adders
  2 oozes
  A worm (D:2)
  2 dart slugs (D:1)
  A leopard gecko (D:2)
  7 bats
  4 giant cockroaches
  3 goblins
  5 hobgoblins
  3 jackals (D:1)
  6 kobolds
  A quokka (D:2)
  A ball python (D:2)
  8 frilled lizards
  12 rats
59 creatures vanquished.

Notes
Turn   | Place    | Note
-------+----------+-------------------------------------------
     0 | D:1      | Freyura the Hill Orc Monk began the quest for the Orb.
     0 | D:1      | Reached XP level 1. HP: 19/19 MP: 1/1
    69 | D:1      | Reached XP level 2. HP: 23/27 MP: 2/2
   271 | D:1      | Reached skill level 1 in Armour
   281 | D:1      | Reached XP level 3. HP: 32/33 MP: 3/3
   844 | D:2      | Reached skill level 5 in Axes
   930 | D:2      | Reached XP level 4. HP: 39/40 MP: 4/4
  1442 | D:2      | Gained mutation: Your spells are a little harder to cast, but a little more powerful. [potion of mutation]
  1442 | D:2      | Gained mutation: Your mind is acute. (Int +2) [potion of mutation]
  1442 | D:2      | Gained mutation: You have very sharp teeth. [potion of mutation]
  1442 | D:2      | Gained mutation: You are partially covered in rugged brown scales. (AC +1, +3% HP) [potion of mutation]
  1443 | D:2      | Lost mutation: Your mind is acute. (Int +2) [potion of mutation]
  1443 | D:2      | Lost mutation: Your spells are a little harder to cast, but a little more powerful. [potion of mutation]
  1443 | D:2      | Gained mutation: Your body sometimes deteriorates upon taking damage. [potion of mutation]
  1443 | D:2      | Gained mutation: You occasionally shout uncontrollably at your foes. [potion of mutation]
  1443 | D:2      | Gained mutation: You are mostly covered in rugged brown scales. (AC +2, +5% HP) [potion of mutation]
  1460 | D:3      | Found an opulent altar of Gozag.
  1701 | D:3      | You fall through a shaft for 3 floors!
  1713 | D:6      | Found a staircase to the Ecumenical Temple.
  1715 | D:6      | Noticed Menkaure
  1720 | Temple   | Entered the Ecumenical Temple
  1733 | Temple   | Became a worshipper of Makhleb the Destroyer
  1733 | Temple   | Reached * piety under Makhleb
  1733 | Temple   | Reached ** piety under Makhleb
  1870 | D:6      | Slain by Menkaure

Skill      XL: |  1  2  3 |
---------------+----------+-----
Armour         | 1 |  1.7
Fighting       | 4 |  4.3
Axes           | 5 |  5.4
Dodging        | |  2.9
Stealth        | |  1.5

Action                   |  1- 3 |  4- 6 || total
-------------------------+-------+-------++-------
Melee: Hand axe          |   121 |    76 ||   197
       Bite              |       |     4 ||     4
  Use: Scroll            |       |     3 ||     3
       Potion            |       |     2 ||     2
  Eat: Ration            |       |     2 ||     2
Armor: Fire dragon scale |    56 |    32 ||    88
Dodge: Dodged            |    69 |    37 ||   106
Block: Buckler           |       |     8 ||     8
